 Dungeon Crawl Stone Soup version 0.31.0-11-ge490571c62 (webtiles) character file.

Game seed: 4731499525761418704

188995 Strat the Eclecticist (level 18, -2/117 HPs)
             Began as a Gargoyle Earth Elementalist on Feb 1, 2024.
             Was the Champion of Zin.
             Shot with an arrow by a deep elf master archer (33 damage)
             ... on level 3 of the Elven Halls.
             The game lasted 02:37:57 (63746 turns).

Strat the Eclecticist (GrEE)                       Turns: 63746, Time: 02:37:58

Health: -2/117     AC: 25    Str: 12    XL:     18   Next: 56%
Magic:  2/37       EV: 11    Int: 24    God:    Zin [******]
Gold:   1715       SH:  4    Dex: 10    Spells: 4/47 levels left

rFire   . . .        a - +0 morningstar (flame)
rCold   + + .        G - +0 buckler
rNeg    + . .        s - +2 robe {Will+}
rPois   ∞            J - +2 helmet
rElec   +            q - +0 cloak
rCorr   +            I - +2 pair of gloves of Infinity {rC+ Will+}
SInv    +            N - +0 pair of boots
Will    ++++.        H - amulet of the acrobat
Stlth   ++           O - ring of wizardry
HPRegen 0.39/turn    P - ring of Gaeppout {rC+ Will+ rCorr SInv}
MPRegen 0.25/turn

%: acrobat, wizardry (x1)
@: mighty, brilliant, flying, hasted, very quick
A: sickness immunity, AC +13, big wings, negative energy resistance 1,
electricity resistance, torment resistance 1, petrification resistance
a: Renounce Religion, Recite, Vitalisation, Imprison, Sanctuary, Donate Gold


You were on level 3 of the Elven Halls.
You worshipped Zin.
Zin was exalted by your worship.
You visited 8 branches of the dungeon, and saw 32 of its levels.
You also visited: Wizlab.

You collected 3528 gold pieces.
You spent 1527 gold pieces at shops.
You donated 286 gold pieces to Zin.

Inventory:

Hand Weapons
 a - a +0 morningstar of flaming (weapon)
Missiles
 d - 2 throwing nets
 f - 8 curare-tipped darts
 j - 6 darts of dispersal
Armour
 l - a +0 kite shield of reflection
 q - a +0 cloak (worn)
 s - a +2 robe of willpower (worn)
 G - a +0 buckler (worn)
 I - the +2 pair of gloves of Infinity (worn) {rC+ Will+}
   (You found it on level 8 of the Dungeon)

   rC+:       It protects you from cold.
   Will+:     It increases your willpower.
 J - a +2 helmet (worn)
 N - a +0 pair of boots (worn)
Magical Staves
 b - a staff of earth
Jewellery
 p - a ring of protection from fire
 y - a ring of magical power
 H - an amulet of the acrobat (around neck)
 K - an amulet of faith
 O - a ring of wizardry (left hand)
 P - the ring of Gaeppout (right hand) {rC+ Will+ rCorr SInv}
   (You acquired it on level 2 of the Lair of Beasts)

   [ring of see invisible]

   rC+:       It protects you from cold.
   Will+:     It increases your willpower.
   SInv:      It lets you see invisible.
   rCorr:     It protects you from acid and corrosion.
 W - an amulet of reflection
Talismans
 S - a granite talisman
Wands
 o - a wand of digging (6)
 u - a wand of roots (26)
 v - a wand of flame (83)
 w - a wand of charming (15)
 T - a wand of mindburst (12)
Scrolls
 c - 2 scrolls of brand weapon
 e - 20 scrolls of identify
 h - 2 scrolls of revelation
 k - 6 scrolls of immolation
 m - 2 scrolls of vulnerability
 F - 6 scrolls of enchant weapon
 L - 2 scrolls of amnesia
 M - 6 scrolls of enchant armour
Potions
 i - 3 potions of mutation
 n - 4 potions of curing
 r - 2 potions of brilliance
 t - 6 potions of enlightenment
 z - 2 potions of resistance
 B - 2 potions of cancellation
 C - 2 potions of invisibility
 D - 3 potions of ambrosia
 E - a potion of haste
 R - 4 potions of might
 U - a potion of berserk rage


   Skills:
 + Level 14.4 Fighting
 - Level 1.5 Dodging
 - Level 2.1 Stealth
 - Level 4.0 Shields
 + Level 15.4 Spellcasting
 + Level 15.3 Conjurations
 + Level 11.3 Summonings
 - Level 7.0 Fire Magic
 - Level 13.8 Earth Magic
 + Level 13.9 Invocations


You had 4 spell levels left.
You knew the following spells:

 Your Spells              Type           Power      Damage    Failure   Level
a - Stone Arrow           Conj/Erth      100%       3d13      1%          3
b - Sandblast             Erth           100%       2d20      0%          1
c - Brom's Barrelling Bo  Conj/Erth      93%        2d10      1%          4
d - Apportation           Tloc           54%        N/A       1%          1
e - Fireball              Conj/Fire      41%        3d17      1%          5
f - Bombard               Conj/Erth      46%        9d8       1%          6
g - Iskenderun's Battles  Conj           95%        2d14      1%          5
h - Spellforged Servitor  Conj/Summ      44%        N/A       6%          7
i - Summon Forest         Summ/Tloc      31%        N/A       4%          5
j - Summon Cactus Giant   Summ           41%        N/A       2%          6

Your spell library contained the following spells:

 Spells                   Type           Power      Damage    Failure   Level
 Magic Dart               Conj           100%       1d8       0%          1
 Searing Ray              Conj           100%       2d8       0%          2
 Kiss of Death            Conj/Necr      100%       2d13      1%          1
 Necrotise                Necr           100%       1d9       1%          1
 Sting                    Conj/Alch      100%       1d9       1%          1
 Summon Small Mammal      Summ           100%       N/A       1%          1
 Call Imp                 Summ           100%       N/A       1%          2
 Passwall                 Erth           91%        N/A       1%          3
 Fulminant Prism          Conj/Alch      35%        3d18      1%          4
 Leda's Liquefaction      Alch/Erth      33%        N/A       1%          4
 Petrify                  Alch/Erth      67%        N/A       1%          4
 Jinxbite                 Hex            54%        N/A       2%          2
 Lesser Beckoning         Tloc           54%        N/A       2%          2
 Confusing Touch          Hex            27%        N/A       4%          3
 Frozen Ramparts          Ice            54%        1d9       4%          3
 Gell's Gravitas          Tloc           27%        N/A       4%          3
 Teleport Other           Tloc           27%        N/A       4%          3
 Anguish                  Hex/Necr       13%        N/A       16%         4
 Cause Fear               Hex            13%        N/A       16%         4
 Dispel Undead            Necr           27%        3d13      16%         4
 Vhi's Electric Charge    Tloc/Air       54%        N/A       16%         4
 Arcjolt                  Conj/Air       35%        1d45      1%          5
 Orb of Destruction       Conj           47%        9d12      2%          7
 Summon Mana Viper        Hex/Summ       62%        N/A       4%          5
 Conjure Ball Lightning   Conj/Air       35%        3x3d11    11%         6
 Summon Hydra             Summ           41%        N/A       13%         7
 Metabolic Englaciation   Hex/Ice        13%        N/A       41%         5
 Yara's Violent Unravell  Hex/Alch       13%        3d7       41%         5
 Plasma Beam              Fire/Air       26%        2x1d38    50%         6
 Enfeeble                 Hex            13%        N/A       100%        7
 Dragon's Call            Summ           41%        N/A       100%        9
 Sublimation of Blood     Necr           Unusable   N/A       N/A         2

Dungeon Overview and Level Annotations

Branches:
Dungeon (15/15)            Temple (1/1) D:5            Lair (5/5) D:9
  Swamp (4/4) Lair:2       Spider (1/4) Lair:3        Slime (0/5) Lair:5
    Orc (2/2) D:10            Elf (3/3) Orc:2        Vaults (0/5) D:14
 Depths (1/4) D:15         WizLab (visited)

Altars:
Ashenzari
Cheibriados
Dithmenos
Elyvilon
Fedhas
Gozag
Hepliaklqana
Kikubaaqudgha
Makhleb
Nemelex Xobeh
Okawaru
Qazlal
Ru
Sif Muna
Trog
Uskayaw
Vehumet
Wu Jian
Xom
Yredelemnul
Zin
The Shining One
Jiyva

Shops:
D:9 !(:*!   D:11 (   D:15 *   Orc:1 (   Orc:2 =![[:   Elf:1 ::=

Annotations:
D:11 3 runed translucent doors, Sobieck's ghost, journeyman DsBe
Lair:3 Fannar
Swamp:3 Roxanne
Depths:1 1 transporter


Innate Abilities, Weirdness & Mutations

You are immune to sickness and miasma.
Your stone body is resilient. (AC +13)
You are immune to poison.
Your large and strong wings let you fly.
You resist negative energy. (rN+)
You are resistant to electric shocks. (rElec)
You are resistant to unholy torment.
You are immune to petrification.


Message History

You swap places.
Your spellforged servitor casts a spell at the deep elf high priest.
The iron shot misses the deep elf high priest.
You feel clever all of a sudden.
The deep elf annihilator casts a spell at you.
The iron shot hits your spellforged servitor!!!
The deep elf high priest utters a dark prayer and points at you.
Your life force is offered up.
* * * LOW HITPOINT WARNING * * *
The deep elf annihilator is healed.
The deep elf high priest is healed.
You feel better.
The deep elf annihilator hits your spellforged servitor with a +0 short sword!
Your spellforged servitor casts a spell at the deep elf annihilator.
The iron shot hits the deep elf annihilator!!!
Casting: Stone Arrow (safe; 1% risk of failure)
Confirm with . or Enter, or press ? or * to list all spells.
You don't have enough magic to cast this spell.
Unknown command.
Unknown command.
You hit the deep elf high priest but do no damage.
The deep elf high priest is lightly wounded.
The deep elf annihilator hits your spellforged servitor with a +0 short sword!
The deep elf high priest hits you with a +0 scimitar!
* * * LOW HITPOINT WARNING * * *
Unknown command.
You feel better.
The deep elf annihilator gestures wildly while chanting.
The deep elf annihilator blinks!
Your spellforged servitor points at the deep elf high priest and mumbles some strange words.
The iron shot hits the deep elf high priest!!!
You sock the deep elf high priest! You burn the deep elf high priest.
You kill the deep elf high priest!
The deep elf master archer shoots an arrow.
The arrow hits you!!
* * * LOW HITPOINT WARNING * * *
Unknown command.
You feel better.
The deep elf master archer shoots an arrow.
The arrow hits you!!
You die...

#######
#.....#
'.....# ###
#.....# ##.##
#.....#
##@..##
#.....#
##9)|..##
#######
#§|e#...#
....##
#..)###......#
.....#
##..)#........
.....#
##...........
.....#
##...e......
.....#
##.........
.....#
##........


You could see a deep elf master archer (ally target), a deep elf annihilator
(empowered, distracted) and a friendly spellforged servitor (summoned).

Vanquished Creatures
  A tentacled monstrosity (Swamp:2)
  Mlioglotl (Swamp:3)
  Jorgrun (D:11)
  Aizul (Swamp:4)
  A fire giant (D:15)
  A fenstrider witch (Swamp:3)
  2 deep elf elementalists (Elf:3)
  A ghoul (Swamp:1)
  5 eleionomae
  2 bunyips
  2 deep elf death magi (Elf:3)
  3 deep elf annihilators (Elf:3)
  A deep elf demonologist (Elf:3)
  Azrael (Orc:2)
  A spark wasp (Spider:1)
  Snorg (Lair:3)
  23 hydras
  A deep elf high priest (Elf:3)
  A great orb of eyes (D:14)
  A spriggan air mage (Swamp:2)
  4 alligators (Swamp:4)
  2 catoblepae (Lair:2)
  5 boulder beetles
  4 ogre magi (Orc:2)
  An anaconda (D:15)
  6 centaur warriors
  6 dancing weapons (Elf:1)
  21 two-headed ogres
  3 death yaks
  A demonic crawler (Lair:3)
  Sonja (Lair:2)
  Urug (Orc:1)
  An orc high priest (Orc:1)
  A skyshark (Lair:2)
  3 deep elf knights
  A skyshark (shapeshifter) (Elf:1)
  2 skeletal warriors (D:12)
  4 goliath frogs
  11 swamp dragons
  A death drake (shapeshifter) (D:14)
  2 orb spiders
  2 deep elf archers
  A flayed ghost (D:14)
  3 spriggan druids
  10 bog bodies
  3 orc knights
  2 nameless horrors
  5 ugly things
  10 deep elf pyromancers
  A harpy (shapeshifter) (D:14)
  9 deep elf zephyrmancers
  4 wolf spiders
  2 necromancers
  4 manticores
  2 orc sorcerers
  3 will-o-the-wisps (Swamp:1)
  3 meliai (D:14)
  6 cyclopes
  5 black mambas
  8 elephants
  Joseph (D:7)
  A moth of wrath (Spider:1)
  A smoke demon (WizLab)
  4 gargoyles
  A hellion (WizLab)
  15 cane toads
  An efreet (D:15)
  Jeremiah (D:7)
  2 rime drakes
  2 yaktaurs
  5 komodo dragons
  Psyche (D:9)
  6 trolls
  An ice devil (WizLab)
  2 tengu conjurers
  10 polar bears
  8 tyrant leeches
  A tarantella (Spider:1)
  4 bloated husks
  A polar bear (shapeshifter) (D:13)
  23 blink frogs
  10 hornets
  6 dream sheep (Lair:5)
  Prince Ribbit (D:8)
  4 slime creatures
  2 jumping spiders
  4 air elementals
  2 shadows (D:14)
  4 water elementals
  6 wraiths
  19 fire bats (D:14)
  20 spriggans
  44 yaks
  2 wargs (Orc:1)
  4 basilisks
  2 wyverns
  2 hogs (D:13)
  3 redbacks
  3 fire elementals
  A human (D:13)
  10 vampire mosquitoes
  A warg (shapeshifter) (Elf:1)
  11 swamp worms
  An acid dragon (D:13)
  An acid dragon (shapeshifter) (D:15)
  14 water moccasins
  3 hell hounds (Orc:2)
  7 swamp drakes (Swamp:4)
  21 orc warriors
  A swamp worm (shapeshifter) (Elf:1)
  4 black bears
  3 ice beasts (D:11)
  4 laughing skulls
  A sky beast (D:8)
  23 wolves
  12 centaurs
  4 boggarts (Lair:5)
  22 ogres
  A phantom (D:7)
  3 kobold brigands
  Blork the orc (D:4)
  12 bullfrogs
  A gnoll sergeant (D:9)
  4 necrophages (Swamp:1)
  5 scorpions
  4 earth elementals
  A hornet simulacrum (D:15)
  8 wights
  26 killer bees
  3 bombardier beetles
  2 electric eels
  A jelly (D:7)
  19 orc priests
  3 hounds
  2 sleepcaps
  5 iguanas
  16 orc wizards
  Natasha (thrice) (D:3)
  A mummy (D:4)
  Robin (D:4)
  13 gnolls
  6 adders
  2 shadow imps
  5 white imps
  4 ufetubi (D:11)
  A dart slug (D:4)
  3 ribbon worms
  61 orcs
  81 bats
  3 endoplasms
  6 giant cockroaches
  12 goblins
  14 hobgoblins
  4 quokkas
  4 ball pythons
  4 frilled lizards
  20 kobolds
  4 rats
957 creatures vanquished.

Vanquished Creatures (collateral kills)
  A deep elf master archer (Elf:3)
  A deep elf blademaster (Elf:3)
  Donald (Elf:2)
  4 deep elf elementalists (Elf:3)
  4 deep elf sorcerers (Elf:3)
  2 deep elf demonologists (Elf:3)
  2 deep elf death magi (Elf:3)
  5 deep elf annihilators (Elf:3)
  6 deep elf high priests (Elf:3)
  2 skeletal warriors (D:12)
  2 deep elf archers (Elf:3)
  A deep elf pyromancer (Elf:3)
  A deep elf zephyrmancer (Elf:1)
  An elephant (Lair:2)
  A yak (Lair:2)
  A water moccasin (Lair:2)
  4 boulders
39 creatures vanquished.

Vanquished Creatures (others)
  An elephant (Lair:2)
  A bloated husk (Swamp:4)
  A tyrant leech (Swamp:4)
  A blink frog (Lair:3)
  2 yaks (Lair:3)
  A water moccasin (D:8)
  2 wolves (Lair:3)
  A killer bee (D:9)
  An electric eel (Lair:2)
  8 boulders
  2 snaplasher vines (Elf:3)
21 creatures vanquished.

Grand Total: 1017 creatures vanquished

Notes
Turn   | Place    | Note
-------+----------+-------------------------------------------
     0 | D:1      | Strat the Gargoyle Earth Elementalist began the quest for
                  | the Orb.
     0 | D:1      | Reached XP level 1. HP: 10/10 MP: 3/3
   168 | D:1      | Reached XP level 2. HP: 16/16 MP: 3/5
   445 | D:1      | Reached skill level 1 in Fighting
   543 | D:1      | Reached XP level 3. HP: 20/20 MP: 4/6
   579 | D:1      | Learned a level 3 spell: Stone Arrow
  2136 | D:3      | Noticed Natasha
  2145 | D:3      | Killed Natasha
  2146 | D:3      | Reached XP level 4. HP: 12/25 MP: 3/7
  2280 | D:3      | Noticed Natasha
  2304 | D:3      | Found a hazy altar of Hepliaklqana.
  2507 | D:3      | Killed Natasha
  2508 | D:3      | Reached skill level 5 in Earth Magic
  2508 | D:3      | Reached XP level 5. HP: 30/30 MP: 5/8
  2706 | D:3      | Noticed Natasha
  2709 | D:3      | Killed Natasha
  3073 | D:4      | Found a blossoming altar of Fedhas.
  3237 | D:4      | Reached XP level 6. HP: 36/36 MP: 5/9
  3549 | D:4      | Found a shimmering blue altar of Sif Muna.
  3612 | D:4      | Noticed Blork the orc
  3639 | D:4      | Killed Blork the orc
  4084 | D:5      | Entered Level 5 of the Dungeon
  4139 | D:4      | Reached XP level 7. HP: 40/41 MP: 6/10
  4175 | D:4      | Reached skill level 5 in Conjurations
  4339 | D:4      | Noticed Robin
  4393 | D:4      | Killed Robin
  4868 | D:4      | You fall into a shaft and drop 1 floor!
  5704 | D:5      | Found a staircase to the Ecumenical Temple.
  5711 | Temple   | Entered the Ecumenical Temple
  5767 | Temple   | Became a worshipper of Zin the Law-Giver
  5767 | Temple   | Reached * piety under Zin
  6100 | D:5      | Reached XP level 8. HP: 37/48 MP: 5/13
  6997 | D:6      | Reached ** piety under Zin
  7892 | D:7      | Learned a level 4 spell: Brom's Barrelling Boulder
  7934 | D:7      | Noticed Jeremiah
  8110 | D:7      | Reached skill level 5 in Fighting
  8292 | D:7      | Reached skill level 5 in Spellcasting
  8381 | D:7      | Reached XP level 9. HP: 49/54 MP: 12/16
  8714 | D:7      | Noticed Joseph
  8722 | D:7      | Killed Joseph
  9039 | D:7      | Killed Jeremiah
  9204 | D:7      | Reached *** piety under Zin
  9503 | D:8      | Noticed Prince Ribbit
  9508 | D:8      | Killed Prince Ribbit
  9913 | D:8      | Identified the +2 pair of gloves of Infinity {rC+ Will+}
 10047 | D:8      | Noticed a boulder beetle
 10443 | D:8      | Reached XP level 10. HP: 64/64 MP: 16/22
 10544 | D:8      | Identified the +1 robe of Sif Muna's Supremacy {Rampage
                  | rPois rF- Int+7}
 10546 | D:8      | Noticed a deep elf pyromancer
 10707 | D:8      | Noticed a centaur warrior
 10707 | D:8      | Noticed a boulder beetle
 10775 | D:8      | Killed a deep elf pyromancer
 10898 | D:8      | Found a bloodstained altar of Trog.
 11004 | D:8      | Noticed a centaur warrior
 11008 | D:8      | Killed a centaur warrior
 11152 | D:8      | Reached skill level 10 in Fighting
 11177 | D:8      | Noticed a cyclops
 11441 | D:8      | Killed a centaur warrior
 11442 | D:8      | Reached skill level 1 in Invocations
 11769 | D:9      | Found Porpheko's Distillery.
 11772 | D:9      | Bought a potion of heal wounds for 65 gold pieces
 11772 | D:9      | Bought a potion of enlightenment for 65 gold pieces
 11772 | D:9      | Bought a potion of might for 52 gold pieces
 12465 | D:9      | Reached XP level 11. HP: 53/73 MP: 3/23
 12466 | D:9      | Reached skill level 10 in Earth Magic
 12601 | D:9      | Found a staircase to the Lair.
 12611 | D:9      | Found Maschioguyf's Weapon Shoppe.
 12615 | D:9      | Found Qedem's Book Boutique.
 13228 | D:9      | Noticed Psyche
 13232 | D:9      | Killed Psyche
 13272 | D:9      | Noticed a two-headed ogre
 13289 | D:9      | Killed a two-headed ogre
 13290 | D:9      | Reached skill level 5 in Invocations
 13405 | D:9      | Found Hoderiek's Assorted Antiques.
 13459 | D:9      | Found a basalt altar of Yredelemnul.
 13613 | D:9      | Found Zeukidogry's Distillery.
 13902 | D:10     | Entered Level 10 of the Dungeon
 13978 | D:10     | Found a staircase to the Orcish Mines.
 14409 | D:10     | Reached **** piety under Zin
 14842 | D:10     | Noticed a two-headed ogre
 14856 | D:10     | Killed a two-headed ogre
 15128 | D:10     | Noticed a two-headed ogre
 15139 | D:10     | Killed a two-headed ogre
 15369 | D:10     | Noticed a necromancer
 15374 | D:10     | Killed a necromancer
 15615 | D:10     | Learned a level 1 spell: Apportation
 15616 | Orc:1    | Entered Level 1 of the Orcish Mines
 15664 | Orc:2    | Entered Level 2 of the Orcish Mines
 15966 | D:11     | Noticed a two-headed ogre
 15972 | D:11     | Killed a two-headed ogre
 15973 | D:11     | Reached XP level 12. HP: 80/80 MP: 11/24
 16024 | D:11     | Learned a level 5 spell: Fireball
 16189 | D:11     | Reached skill level 1 in Fire Magic
 17107 | D:11     | Noticed a minotaur
 17107 | D:11     | Noticed a two-headed ogre
 17107 | D:11     | Noticed Sobieck's ghost (journeyman DsBe)
 17129 | D:11     | Found a runed translucent gate.
 17129 | D:11     | Found a runed translucent gate.
 17129 | D:11     | Found a runed translucent gate.
 17148 | D:11     | Found Juteweg's Antique Weapon Shop.
 17233 | D:12     | Noticed Jorgrun
 18290 | D:12     | Noticed a centaur warrior
 18309 | D:12     | Killed a centaur warrior
 18981 | D:12     | Reached skill level 10 in Invocations
 19019 | D:12     | Reached ***** piety under Zin
 19555 | Lair:1   | Entered Level 1 of the Lair of Beasts
 19572 | Lair:1   | Reached skill level 5 in Fire Magic
 20365 | Lair:1   | Reached skill level 10 in Conjurations
 20658 | Lair:1   | Reached XP level 13. HP: 85/85 MP: 12/25
 21773 | Lair:2   | Reached skill level 10 in Spellcasting
 21890 | Lair:2   | Identified a scroll of acquirement
 21890 | Lair:2   | Acquired the ring of Gaeppout {rC+ Will+ rCorr SInv}
 22667 | Lair:2   | Noticed Sonja
 22672 | Lair:2   | Killed Sonja
 22904 | Lair:2   | Noticed an eleionoma
 22920 | Lair:2   | Killed an eleionoma
 23058 | Lair:2   | Found a staircase to the Swamp.
 25368 | Lair:3   | Noticed Fannar
 25716 | Lair:3   | Gained mutation: Your large and strong wings let you fly.
                  | [Gargoyle growth]
 25716 | Lair:3   | Reached XP level 14. HP: 44/91 MP: 2/29
 25787 | Lair:3   | Noticed Snorg
 27301 | Lair:5   | Entered Level 5 of the Lair of Beasts
 27407 | Lair:5   | Reached skill level 1 in Shields
 27716 | Lair:5   | Found a staircase to the Slime Pits.
 27716 | Lair:5   | Found a viscous altar of Jiyva.
 29781 | Lair:3   | Found a hole to the Spider Nest.
 32418 | D:9      | Bought a book of Power for 462 gold pieces
 32425 | D:9      | Learned a level 6 spell: Bombard
 32431 | D:9      | Learned a level 5 spell: Iskenderun's Battlesphere
 33360 | Orc:2    | Found a staircase to the Elven Halls.
 33579 | Orc:2    | Found Wytavuf's Jewellery Emporium.
 34291 | Orc:2    | Noticed Azrael
 34340 | Orc:1    | Noticed Urug
 34346 | Orc:1    | Killed Urug
 34474 | Orc:2    | Reached XP level 15. HP: 99/99 MP: 16/31
 34881 | Orc:1    | Reached ****** piety under Zin
 35149 | Orc:1    | Found Luts's Firing Range.
 37580 | Orc:2    | Found Ubon Lei's Distillery.
 37580 | Orc:2    | Found Otuw's Antique Armour Shoppe.
 37582 | Orc:2    | Found Caetiggi's Armour Shoppe.
 37582 | Orc:2    | Found Serueh's Book Boutique.
 37712 | Orc:2    | Killed Azrael
 37872 | Orc:2    | Bought a potion of curing for 33 gold pieces
 37872 | Orc:2    | Bought a potion of heal wounds for 55 gold pieces
 37872 | Orc:2    | Bought a potion of haste for 110 gold pieces
 37872 | Orc:2    | Bought a potion of haste for 110 gold pieces
 37873 | Orc:2    | Bought a pair of boots for 157 gold pieces
 41943 | D:14     | Found a runed translucent door.
 42028 | D:14     | Found an opulent altar of Gozag.
 42231 | D:14     | Found a sacrificial altar of Ru.
 42949 | D:14     | Found an opulent altar of Gozag.
 42956 | D:14     | Found a glowing silver altar of Zin.
 43034 | D:14     | Found a sacrificial altar of Ru.
 43278 | D:14     | Found a basalt altar of Yredelemnul.
 43740 | D:14     | Reached XP level 16. HP: 105/105 MP: 12/33
 43864 | D:14     | Found a gate to the Vaults.
 44204 | D:14     | Found a broken altar of Ashenzari.
 44591 | D:15     | Entered Level 15 of the Dungeon
 44600 | D:15     | Found a staircase to the Depths.
 45044 | D:15     | Learned a level 7 spell: Spellforged Servitor
 45115 | D:15     | Reached skill level 1 in Summonings
 45778 | D:15     | Found Ebetwev's Serpentskin Sales.
 46483 | D:15     | Identified the +1 ring mail of Foolhardiness {Rampage *Slow
                  | rPois Str+4}
 46578 | Depths:1 | Entered Level 1 of the Depths
 46589 | Depths:1 | Found a transporter.
 46668 | D:11     | Killed Jorgrun
 46906 | Swamp:1  | Entered Level 1 of the Swamp
 46980 | Lair:2   | Reached skill level 5 in Summonings
 47260 | Spider:1 | Entered Level 1 of the Spider Nest
 47524 | Lair:3   | Killed Snorg
 49928 | Swamp:2  | Noticed a tentacled monstrosity
 51179 | Swamp:2  | Killed a tentacled monstrosity
 51356 | Swamp:3  | Noticed Mlioglotl
 51357 | Swamp:3  | Noticed a fenstrider witch
 51393 | Swamp:2  | Reached XP level 17. HP: 111/111 MP: 21/35
 51855 | Swamp:3  | Noticed Roxanne
 52790 | Swamp:3  | Killed Mlioglotl
 52998 | Swamp:4  | Entered Level 4 of the Swamp
 53006 | Swamp:3  | Reached skill level 15 in Spellcasting
 53813 | Swamp:4  | Identified the serpent talisman of Duty {Will- Int+2
                  | Stlth+}
 53813 | Swamp:4  | Noticed Aizul
 54326 | Swamp:4  | Killed Aizul
 56754 | D:9      | Bought a book of the Wilderness for 418 gold pieces
 56760 | D:9      | Learned a level 5 spell: Summon Forest
 56790 | Elf:1    | Entered Level 1 of the Elven Halls
 56847 | Elf:1    | Found Dyplet's Jewellery Boutique.
 56847 | Elf:1    | Found Gigu Ecw's Book Emporium.
 56848 | Elf:1    | Found Jeipu's Book Emporium.
 57280 | Elf:1    | Identified the +2 ring mail of Poor Excuses {Harm rF-
                  | Str+6}
 58148 | Elf:1    | Paralysed by an air elemental for 1 turns
 58153 | Elf:1    | Paralysed by an air elemental for 1 turns
 58835 | Elf:1    | Reached skill level 10 in Summonings
 59328 | Elf:2    | Identified the +4 rapier of Action {holy, rF+ Str-3 SInv}
 59432 | Elf:2    | Found a magical portal.
 59437 | WizLab   | Entered Doroklohe's Tomb
 59705 | WizLab   | Noticed an Executioner
 59901 | Elf:2    | Noticed Donald
 59983 | Elf:2    | Killed Donald
 60096 | Elf:2    | Paralysed by an air elemental for 1 turns
 60465 | Elf:3    | Entered Level 3 of the Elven Halls
 60481 | Elf:3    | Reached XP level 18. HP: 74/116 MP: 3/37
 61712 | Elf:3    | Identified the +2 short sword of Moral Flaws {drain, Int+6}
 61873 | Elf:3    | Identified the +11 lajatang of Glory {freeze, Int+3}
 62274 | Elf:3    | Identified the staff "Qyn Pen" {rElec rN+ Necro}
 62307 | Elf:3    | Reached skill level 15 in Conjurations
 62312 | Elf:3    | Noticed a deep elf blademaster
 62806 | Elf:3    | Learned a level 6 spell: Summon Cactus Giant
 62833 | Elf:3    | Killed a deep elf blademaster
 63037 | Elf:3    | Identified the +2 rapier "Muakhe" {chaos, rF- Int+5}
 63104 | Elf:3    | Identified the +1 war axe "Qivvaec" {venom, *Corrode Str+2
                  | Dex+2}
 63110 | Elf:3    | Noticed a Tzitzimitl
 63667 | Elf:3    | Noticed a deep elf master archer
 63669 | Elf:3    | Identified the staff of Accord {rC+ Dex+3 Conj}
 63680 | Elf:3    | Identified the +3 ring mail "Betoashics" {Regen+ Dex+3}
 63680 | Elf:3    | Noticed a deep elf master archer
 63684 | Elf:3    | Killed a deep elf master archer
 63700 | Elf:3    | Identified the staff of Outrage {rElec rPois rC- rN+++ SInv
                  | Air}
 63746 | Elf:3    | Shot with an arrow by a deep elf master archer

Illustrated notes

Levels and vault maps discovered:
D:1:      dpeg_arrival_three_bigger_balls, layout_loops_ring, hex_medium,
          chequers_serial_rivers_small_b
D:2:      layout_basic, dk_noncrumbling_2
D:3:      layout_loops_cross, mainiacjoe_overflow_catwalk, uniq_natasha
D:4:      layout_layer_cave, mainiacjoe_overflow_concentric_impassable,
          mainiacjoe_overflow_surrounded_room, gup_ossuary_entry_pyramid,
          uniq_blork_the_orc, uniq_robin
D:5:      layout_loops_ring, minmay_temple_entry_proselytizer
D:6:      layout_loops_ring
D:7:      layout_basic, uniq_jeremiah, uniq_joseph
D:8:      minmay_tri_box, layout_loops_ring,
          mainiacjoe_overflow_six_doors_small, uniq_prince_ribbit1
D:9:      layout_roguey, lemuel_round_altar, due_lair_maze_entry_diamond,
          serial_shops, nicolae_stop_n_shop_2, nicolae_shop_peninsula, shop,
          shop, shop, uniq_psyche
D:10:     layout_irregular_city, orc_0_dummy, minmay_curled_crystal,
          minmay_librarian
D:11:     layout_roguey, serial_shops, shop, maelrawn_ghost_gauntlet_escape,
          serial_ice, serial_ice_b, serial_ice_k, serial_ice_e, serial_ice_o,
          serial_ice_a, portal_ice_cave_entry_pillars_2
D:12:     layout_layer_cave, minmay_bent, uniq_jorgrun
D:13:     layout_rooms, grunt_livestock
D:14:     due_megacathedral, layout_basic, david_vaults_1,
          evilmike_ruin_ashenzari
D:15:     grunt_enter_depths_giant_problem, layout_irregular_city,
          nicolae_lava_and_water, guppyfry_shop_venom
Temple:   nicolae_temple_bog_church
Lair:1:   layout_roguey, grunt_megastairs_1
Lair:2:   nzn_winding_woodlands_stair_cross
          [nzn_winding_woodlands_5x15_lazy_stream,
          nzn_winding_woodlands_center_triple_pond,
          nzn_winding_woodlands_5x15_river_crossing,
          nzn_winding_woodlands_5x5_three,
          nzn_winding_woodlands_5x5_closed_star,
          nzn_winding_woodlands_5x15_pockets,
          nzn_winding_woodlands_center_lodge, nzn_winding_woodlands_5x15_cabin],
          layout_gridlike, alex1729_swamp_entry_worm_eleionoma,
          nicolae_volcano_entry_lava_flow, uniq_sonja
Lair:3:   layout_regular_city, nicolae_spider_entry_orb_guardian, uniq_snorg,
          uniq_fannar
Lair:4:   layout_regular_city
Lair:5:   minmay_lair_end_enchanted_forest, layout_gridlike, slime_entry_1,
          infiniplex_staircase_pool
Swamp:1:  layout_falls_marsh, serial_swamp_ruin, evilmike_swamp_ruin_house_6,
          evilmike_swamp_ruin_house_4, hangedman_swamp_ravenous,
          nicolae_swamp_long_stream, infiniplex_staircase_pool_2
Swamp:2:  layout_basic_swamp, hangedman_swamp_pad
Swamp:3:  layout_basic_swamp, evilmike_swamp_ruin_rubble_1, uniq_roxanne,
          uniq_mlioglotl
Swamp:4:  swamp, layout_basic_swamp, nicolae_swamp_tree_isthmus, uniq_aizul
Spider:1: layout_spider_delve, nicolae_spider_twisty_arc_passages
Orc:1:    nicolae_orc_accident_2, layout_diamond_mine,
          nicolae_shop_firing_range, uniq_urug
Orc:2:    st_orc_ogre_mass, layout_diamond_mine, serial_shops,
          nicolae_shop_tiny_waterfront, uniq_azrael
Elf:1:    layout_geoelf_octagon, evilmike_minifort, minivault_25_ag,
          minmay_shop_grove
Elf:2:    nicolae_elf_blades_splatter_lattice
          [nicolae_vaults_blade_armed_guards], layout_loops_ring,
          infiniplex_enter_wizlab_spiral, lemuel_upstairs_altar, uniq_donald
Elf:3:    minmay_elf_hall_x, layout_geoelf_octagon
Depths:1: layout_cave_pools, enter_ziggurat_a, serial_shops, shop, shop,
          kennysheep_flooded_box, hell_entry, nicolae_diode_quadrants

Skill      XL: |  1  2  3  4  5  6  7  8  9 10 11 12 13 14 15 16 17 18 |
---------------+-------------------------------------------------------+-----
Earth Magic    | 4 5 6 7 9 11 13 | 13.8
Conjurations   | 2 3 4 5 6 7 10 12 14 15 | 15.3
Fighting       | 1 2 3 4 5 7 10 11 13 14 | 14.4
Spellcasting   | 3 5 8 11 12 13 14 15 | 15.4
Invocations    | 3 8 10 11 13 | 13.9
Fire Magic     | 5 7 |  7.0
Shields        | 4 |  4.0
Summonings     | 7 10 11 | 11.3
Dodging        | |  1.5
Stealth        | |  2.1

Action                     |  1- 3 |  4- 6 |  7- 9 | 10-12 | 13-15 | 16-18 || total
---------------------------+-------+-------+-------+-------+-------+-------++-------
  Melee: Unarmed           |     4 |       |       |       |       |       ||     4
         Short sword       |       |    34 |   130 |       |       |       ||   164
         Punch             |       |       |     2 |     1 |     2 |       ||     5
         Flail             |       |       |    19 |    81 |       |       ||   100
         Morningstar       |       |       |       |     6 |   329 |    12 ||   347
         Staff             |       |       |       |       |       |    17 ||    17
   Cast: Sandblast         |    64 |    58 |    24 |     4 |    10 |     9 ||   169
         Stone Arrow       |       |    11 |   105 |   308 |   753 |   439 ||  1616
         Brom's Barrelling |       |       |     2 |    13 |     3 |       ||    18
         Fireball          |       |       |       |     6 |    37 |    32 ||    75
         Iskenderun's Batt |       |       |       |       |    59 |   151 ||   210
         Bombard           |       |       |       |       |    14 |    61 ||    75
         Apportation       |       |       |       |       |       |     3 ||     3
         Spellforged Servi |       |       |       |       |       |    24 ||    24
         Summon Forest     |       |       |       |       |       |    21 ||    21
         Summon Cactus Gia |       |       |       |       |       |     3 ||     3
 Invoke: Recite            |       |       |       |     1 |     3 |     8 ||    12
         Vitalisation      |       |       |       |       |     2 |       ||     2
  Evoke: Wand              |       |       |       |     7 |    28 |     8 ||    43
    Use: Potion            |       |     2 |     2 |     4 |     7 |    19 ||    34
         Scroll            |       |       |    16 |    10 |    15 |    15 ||    56
   Stab: Invisible         |       |       |       |       |     1 |       ||     1
 Armour: Robe              |     8 |    50 |   161 |   399 |   883 |   430 ||  1931
  Dodge: Dodged            |    19 |    52 |    91 |   251 |   648 |   245 ||  1306
  Block: Buckler           |       |       |       |       |   156 |    78 ||   234
